 Dungeon Sprint DCSS version 0.31.0-1-g2c135a008e (webtiles) character file.

Game seed: 11019481922189870505

423 Groucho the Lightning Rod (level 6, 0/61 HPs)
             Began as a Minotaur Fighter on Jan 20, 2024.
             Was a Follower of Qazlal.
             Slain by a wyvern (12 damage)
             ... in the Dungeon (Sprint IX: "|||||||||||||||||||||||||||||").
             The game lasted 00:01:19 (166 turns).

Groucho the Lightning Rod (Minotaur Fighter)         Turns: 166, Time: 00:01:20

Health: 0/61       AC: 15    Str: 26    XL:     6   Next: 63%
Magic:  11/11      EV:  8    Int:  5    God:    Qazlal [*.....]
Gold:   0          SH:  7    Dex:  9    Spells: 5/5 levels left

rFire   . . .        a - +0 war axe
rCold   . . .        c - +0 buckler
rNeg    . . .        o - +1 chain mail
rPois   .            (helmet restricted)
rElec   .            (no cloak)
rCorr   .            n - +0 pair of gloves
SInv    .            (no boots)
Will    .....        (no amulet) Stlth
                     p - +3 ring of strength
HPRegen 0.30/turn    q - +2 ring of protection
MPRegen 0.12/turn

%: no teleportation
@: on berserk cooldown, slowed, very slow
A: horns 2, retaliatory headbutt
a: Renounce Religion


You were in the Dungeon.
You worshipped Qazlal.
Qazlal was aware of your devotion.
You visited 1 branch

Inventory:

Hand Weapons
 a - a +0 war axe (weapon)
Armour
 b - a +0 scale mail
 c - a +0 buckler (worn)
 n - a +0 pair of gloves (worn)
 o - a +1 chain mail (worn)
Jewellery
 p - a +3 ring of strength (left hand)
 q - a +2 ring of protection (right hand)
Wands
 m - a wand of acid (10)
Scrolls
 j - 2 scrolls of blinking
 l - 2 scrolls of amnesia
Potions
 d - a potion of might
 e - 4 potions of curing
 g - a potion of haste
 h - 4 potions of magic


   Skills:
 + Level 7.9 Fighting
 + Level 7.4 Axes
 + Level 7.8 Armour
 + Level 7.8 Shields
 * Level 8.3 Invocations


You had 5 spell levels left.
You didn't know any spells.
Your spell library was empty.

Dungeon Overview and Level Annotations

Branches:
Dungeon (1/1)

Altars:
Cheibriados
Dithmenos
Elyvilon
Fedhas
Gozag
Hepliaklqana
Kikubaaqudgha
Makhleb
Nemelex Xobeh
Okawaru
Qazlal
Ru
Sif Muna
Trog
Uskayaw
Vehumet
Wu Jian
Xom
Yredelemnul
Zin
The Shining One
Jiyva
Lugonu


Innate Abilities, Weirdness & Mutations

You have a pair of horns on your head.
You reflexively headbutt those who attack you in melee.


Message History

Unknown command.
You feel much better.
The wyvern bites you but does no damage.
You block the wyvern's attack.
Unknown command.
You barely miss the wyvern.
The wyvern bites you but does no damage.
The wyvern bites you!
You barely miss the wyvern.
The wyvern bites you but does no damage.
You block the wyvern's attack. x2
Unknown command.
Unknown command.
You catch the helpless wyvern completely off-guard!
You slash the wyvern! You headbutt the wyvern.
The wyvern is severely wounded.
You flicker back into view.
You block the wyvern's attack. The wyvern bites you.
Unknown command.
Unknown command.
You hit the wyvern. Your headbutt misses the wyvern.
The wyvern is severely wounded.
The wyvern bites you!
* * * LOW HITPOINT WARNING * * *
The wyvern barely misses you. The wyvern bites you.
* * * LOW HITPOINT WARNING * * *
The howler monkey hoots and howls with incredible vigour!
You hear a shout!
Unknown command.
Unknown command.
You closely miss the wyvern.
The wyvern is severely wounded.
You are no longer corroded.
The wyvern bites you.
* * * LOW HITPOINT WARNING * * *
The wyvern bites you.
* * * LOW HITPOINT WARNING * * *
Unknown command.
You feel better. The wyvern completely misses you. The wyvern bites you!
You die... ▓▓▓▓▓▓▓▓▓▓▓▓▓▓▓▓▓▓▓▓▓▓▓▓▓ _______'..).[...@kh.....+ ▓▓▓▓▓▓▓▓▓▓▓▓▓▓▓▓▓▓▓▓▓▓▓▓▓

You could see a wyvern and a howler monkey.

Vanquished Creatures
  An acid dragon (D)
  An orc warrior (D)
  A scorpion (D)
  A killer bee (D)
  2 hounds (D)
  An iguana (D)
  An orc wizard (D)
  An adder (D)
  2 goblins (D)
  A bat (D)
  A kobold (D)
  A rat (D)
14 creatures vanquished.

Notes
Turn   | Place    | Note
-------+----------+-------------------------------------------
     0 | D        | Groucho the Minotaur Fighter began the quest for the Orb.
     0 | D        | Reached XP level 1. HP: 19/19 MP: 0/0
    15 | D        | Reached skill level 1 in Invocations
    42 | D        | Noticed a scorpion
    42 | D        | Noticed an iguana
    42 | D        | Noticed a hound
    42 | D        | Noticed a hound
    45 | D        | Reached skill level 2 in Invocations
    45 | D        | Reached XP level 2. HP: 28/28 MP: 2/2
    51 | D        | Killed a scorpion
    52 | D        | Reached skill level 5 in Fighting
    52 | D        | Reached skill level 5 in Armour
    52 | D        | Reached skill level 5 in Shields
    52 | D        | Reached skill level 4 in Invocations
    52 | D        | Reached XP level 3. HP: 27/36 MP: 2/5
    52 | D        | Reached XP level 4. HP: 31/42 MP: 2/6
    61 | D        | Reached skill level 5 in Invocations
    64 | D        | Reached skill level 5 in Axes
    69 | D        | Reached skill level 6 in Invocations
    69 | D        | Reached XP level 5. HP: 37/51 MP: 4/8
    75 | D        | Found a snail-covered altar of Cheibriados.
    75 | D        | Found a shadowy altar of Dithmenos.
    75 | D        | Found a white marble altar of Elyvilon.
    75 | D        | Found a blossoming altar of Fedhas.
    75 | D        | Found an opulent altar of Gozag.
    76 | D        | Found a hazy altar of Hepliaklqana.
    77 | D        | Found a viscous altar of Jiyva.
    78 | D        | Found an ancient bone altar of Kikubaaqudgha.
    79 | D        | Found a corrupted altar of Lugonu.
    80 | D        | Found a burning altar of Makhleb.
    81 | D        | Found a sparkling altar of Nemelex Xobeh.
    82 | D        | Found an iron altar of Okawaru.
    83 | D        | Found a stormy altar of Qazlal.
    84 | D        | Found a sacrificial altar of Ru.
    85 | D        | Found a shimmering blue altar of Sif Muna.
    86 | D        | Found a bloodstained altar of Trog.
    87 | D        | Found a hide-covered altar of Uskayaw.
    88 | D        | Found a radiant altar of Vehumet.
    89 | D        | Found an ornate altar of the Wu Jian Council.
    90 | D        | Found a shimmering altar of Xom.
    91 | D        | Became a worshipper of Qazlal Stormbringer
    92 | D        | Found a basalt altar of Yredelemnul.
    93 | D        | Found a glowing silver altar of Zin.
    94 | D        | Found a glowing golden altar of the Shining One.
   137 | D        | Noticed an orc warrior
   137 | D        | Noticed an acid dragon
   137 | D        | Noticed a wyvern
   146 | D        | Killed an orc warrior
   149 | D        | Reached skill level 7 in Invocations
   149 | D        | Reached XP level 6. HP: 60/60 MP: 8/10
   152 | D        | Reached * piety under Qazlal
   159 | D        | Killed an acid dragon
   160 | D        | Reached skill level 8 in Invocations
   166 | D        | Slain by a wyvern

Illustrated notes

Levels and vault maps discovered:
D:        linesprint [early_d, line_temple, items_1, d_10, items_2, lair_1,
          lair_end, items_3, orc_1, orc_end, items_4, d_15, swamp_1, shoals_1,
          snake_1, spider_1, d_20, vaults_1, items_5, swamp_end, shoals_end,
          snake_end, spider_end, vaults_end, d_27, items_6, zot_1, zot_end,
          crypt_end, forest_end, elf_end, slime_end, tomb_end, abyss_end,
          pan_hell_end]

Skill      XL: |  1  2  3  4  5  6 |
---------------+-------------------+-----
Invocations    | 2 4 6 7 8 |  8.3
Fighting       | 4 5 6 7 |  7.9
Armour         | 4 5 6 7 |  7.8
Shields        | 4 5 6 7 |  7.8
Axes           | 3 4 5 6 7 |  7.4

Action                     |  1- 3 |  4- 6 || total
---------------------------+-------+-------++-------
  Melee: War axe           |    33 |    36 ||    69
         Headbutt          |     1 |     5 ||     6
    Use: Potion            |       |     6 ||     6
   Stab: Invisible         |       |     1 ||     1
 Armour: Scale mail        |    24 |    11 ||    35
         Chain mail        |       |    26 ||    26
  Dodge: Dodged            |    13 |    14 ||    27
  Block: Buckler           |     6 |    11 ||    17
